 Dungeon Crawl Stone Soup version 0.23.2-1-ga50397a (webtiles) character file.

Game seed: 8094616975250727529

90 vlazyslath the Grave Robber (level 4, -7/30 HPs)
             Began as a Vampire Necromancer on May 3, 2019.
             Splashed by a jelly's acid (11 damage)
             ... on level 2 of the Dungeon.
             The game lasted 00:15:03 (2362 turns).

vlazyslath the Grave Robber (Vampire Necromancer)   Turns: 2362, Time: 00:15:04

Health: -7/30      AC: -6    Str:  7    XL:     4   Next: 32%
Magic:  6/8        EV: 13    Int: 18    God:
Gold:   87         SH:  0    Dex: 14    Spells: 8/9 levels left

rFire    . . .     SeeInvis +   k - +0 dagger (venom)
rCold    + + .     Gourm    .   (no shield)
rNeg     + + +     Faith    .   a - +0 robe
rPois    ∞         Spirit   .   (no helmet)
rElec    .         Reflect  .   (no cloak)
rCorr    .         Harm     .   (no gloves)
MR       .....                  (no boots)
Stlth    ++++......             (no amulet)
HPRegen  0.00/turn              (no ring)
MPRegen  0.11/turn              (no ring)

@: corroded, bloodless, non-regenerating
A: fangs 3, see invisible, unbreathing
a: Bat Form


You were on level 2 of the Dungeon.
You were bloodless.

You visited 1 branch of the dungeon, and saw 2 of its levels.

You collected 87 gold pieces.

Inventory:

Hand Weapons
 c - a +0 whip of distortion
 f - a +0 dagger
 g - a +0 dagger
 k - a +0 dagger of venom (weapon)
Armour
 a - a +0 robe (worn)
Jewellery
 i - a +4 ring of strength {unknown}
 j - a +3 amulet of reflection {unknown}
Scrolls
 e - 3 scrolls of fog {unknown}
 h - 3 scrolls of identify {unknown}
Potions
 b - 4 potions of curing {unknown}
 d - 3 potions of heal wounds {unknown}


   Skills:
 + Level 0.3 Short Blades
 + Level 2.5 Dodging
 + Level 3.3 Stealth
 + Level 3.0 Spellcasting
 + Level 5.4 Necromancy


You had 8 spell levels left.
You knew the following spells:

 Your Spells              Type           Power        Failure   Level  Hunger
a - Pain                  Necr           ###.         1%          1    None

Your spell library contained the following spells:

 Spells                   Type           Power        Failure   Level  Hunger
 Animate Skeleton         Necr           N/A          1%          1    None
 Vampiric Draining        Necr           ###.......   5%          3    ###....
 Regeneration             Chrm/Necr      ##........   16%         3    ###....
 Animate Dead             Necr           N/A          17%         4    ####...


Dungeon Overview and Level Annotations

Branches:
Dungeon (2/15)

Altars:


Innate Abilities, Weirdness & Mutations

You do not heal naturally.
You are immune to poison.
You have razor-sharp teeth.
You have supernaturally acute eyesight. (SInv)
You can survive without breathing.


Message History

The ooze writhes in agony!
You kill the ooze!
Things that are here:
a +0 short sword; 3 stones You close the door.
You hear a distant slurping noise.
The door mysteriously vanishes.
The jelly quivers.
The jelly closely misses you. The jelly closely misses you.
The jelly barely misses you. The jelly hits you. The acid corrodes you!
You are splashed with acid!
* * * LOW HITPOINT WARNING * * *
The jelly closely misses you. The jelly barely misses you.
The jelly barely misses you. The jelly hits you.
* * * LOW HITPOINT WARNING * * *
The acid corrodes you!
You are splashed with acid!
You die...

......####...#### ######...
.#w#..# ##### ########.).....
......# ##########....J.####..###
......###......##..÷..P.# ##.)#
##....##.......#)#.JJ.JJ# #...#
##....'........#.#PJP...# #..##
......'........#J#.÷....# #..#
##.##.'......#'#J#P..P.P# #..#
#.##.##)...)#.#@#J÷...J# #..#
#.######....#.#.#PJ.PP.###..#
#.############.##.....$##...####
#§....### ### #.......
##§###.#.##### # #......# ...#
#......... .# ##.###.#
.K.###..######.###.# #.###.#
>..§..†......#..... #(.....
.....##†.###.###.##############.#


You could see a jelly and an ooze.

Vanquished Creatures
  2 adders (D:2)
  3 oozes (D:2)
  A worm (D:2)
  3 leopard geckos (D:2)
  5 bats
  2 giant cockroaches
  7 goblins
  7 hobgoblins
  A quokka (D:2)
  10 frilled lizards
  11 kobolds
  3 rats (D:1)
55 creatures vanquished.

Vanquished Creatures (others)
  A fungus (D:2)
  8 toadstools (D:2)
9 creatures vanquished.

Grand Total: 64 creatures vanquished

Notes
Turn   | Place    | Note
-------+----------+-------------------------------------------
     0 | D:1      | vlazyslath the Vampire Necromancer began the quest for the
                  | Orb.
     0 | D:1      | Reached XP level 1. HP: 13/13 MP: 3/3
   157 | D:1      | Reached XP level 2. HP: 7/19 MP: 0/5
   724 | D:2      | Reached skill level 5 in Necromancy
   777 | D:2      | Reached XP level 3. HP: 20/24 MP: 3/6
  1542 | D:2      | Reached XP level 4. HP: 16/30 MP: 8/8
  2362 | D:2      | Splashed by a jelly's acid

Skill      XL: |  1  2  3  4 |
---------------+-------------+-----
Necromancy     | 5 |  5.4
Spellcasting   | 3 |  3.0
Short Blades   | |  0.3
Dodging        | |  2.5
Stealth        | |  3.3

Action                   |  1- 3 |  4- 6 || total
-------------------------+-------+-------++-------
Melee: Unarmed           |     1 |       ||     1
       Dagger            |    19 |     3 ||    22
 Cast: Pain              |    75 |    29 ||   104
  Use: Potion            |     1 |       ||     1
 Stab: Sleeping          |     5 |     2 ||     7
Armor: Robe              |     6 |       ||     6
Dodge: Dodged            |    21 |    22 ||    43
